Cogmind - Beta 16 *** ADVENTURER MODE // 2025.12.23 @ 04:54:46 Player: Loyso Result: Destroyed by 1V-I89(R) with Subdweller Beam Cannon Performance ------------- Evolutions (0) 0 Regions Visited (3) 600 Robots Destroyed (29) 145 Value Destroyed (600) 600 Prototype IDs (0) 0 Alien Tech Used (0) 0 Bonus (0) 0 TOTAL SCORE: 1345 Bonus ------- None Cogmind --------- Core Integrity 0/250 Matter 262/300 Energy 98/100 System Corruption 4% Temperature Cool (16) Movement Walking (120) Location -10/Subcaves Parts ------- > --- POWER (1) -------- (None) > --- PROPULSION (2) --- Aluminum Leg > --- UTILITY (2) ------ (None) > --- WEAPON (2) ------- (None) > --- INVENTORY (5) ---- Aluminum Leg Improved Heat Sink Improved Terrain Scanner Scrap Shield Fragment (50) Scrap Shield Fragment (48) Peak State ------------ > --- POWER ------------ Light Nuclear Core > --- PROPULSION ------- Aluminum Leg Aluminum Leg > --- UTILITY ---------- Scrap Shield > --- WEAPON ----------- Subdweller Machine Gun > --- INVENTORY -------- Aluminum Leg Improved Terrain Scanner Scrap Shield Fragment Scrap Shield Fragment Scrap Shield Fragment [Rating: 12] Favorites ----------- Power Light Ion Engine Engine Light Ion Engine Power Core Light Nuclear Core Propulsion Wheel Leg Aluminum Leg Wheel Wheel Utility High-capacity Storage Unit Device Seismic Detector Storage High-capacity Storage Unit Processor Signal Interpreter Protection Scrap Shield Weapon Assault Rifle Energy Gun Small Laser Ballistic Gun Assault Rifle Build | -11 -10 -10 -10 ------- Run | Yrd Mat Min Sub Slots Evolved . | . . . . Power . | . . . . Propulsion . | . . . . Utility . | . . . . Weapon . | . . . . Parts Attached 24 | 7 8 3 6 Power 3 | 1 . 1 1 Engine 2 | 1 . 1 . Core 1 | . . . 1 Reactor . | . . . . Propulsion 8 | 2 2 2 2 Treads . | . . . . Leg 3 | 2 . . 1 Wheel 5 | . 2 2 1 Hover . | . . . . Flight . | . . . . Utility 7 | 2 4 . 1 Device 2 | 2 . . . Storage 3 | . 3 . . Processor 1 | . 1 . . Hackware . | . . . . Protection 1 | . . . 1 Artifact . | . . . . Weapon 6 | 2 2 . 2 Energy Gun 1 | 1 . . . Energy Cannon . | . . . . Ballistic Gun 5 | 1 2 . 2 Ballistic Cannon . | . . . . Launcher . | . . . . Special Weapon . | . . . . Impact Weapon . | . . . . Slashing Weapon . | . . . . Piercing Weapon . | . . . . Special Melee Weapon . | . . . . Unidentified Prototypes . | . . . . Parts Lost 11 | . . . 11 Power 2 | . . . 2 Propulsion 4 | . . . 4 Utility 1 | . . . 1 Weapon 4 | . . . 4 Highest Loss Streak 5 | . . . 5 To Critical Strikes . | . . . . Average Backups 11 | 3 12 14 10 Power . | . 1 1 . Propulsion 4 | 2 4 5 4 Utility 6 | . 6 7 5 Weapon . | . . . . Tool/Special . | . . . . Unused Backups 10 | . 1 2 7 Power 1 | . 1 . . Propulsion 2 | . . . 2 Utility 7 | . . 2 5 Weapon . | . . . . Tool/Special . | . . . . Average Slot Usage (%) 90 | . 93 97 68 Engine 11 | . 13 11 2 Leg 4 | . 5 . 9 Wheel 20 | . 16 28 17 Device 8 | . 15 3 . Storage 10 | . 10 10 8 Processor 6 | . 1 14 8 Energy Gun 1 | . 2 . . Ballistic Gun 24 | . 25 28 13 Peak Build Rating 12 | 9 9 9 12 Average Rating 8 | 5 8 8 8 On Entrance 6 | . 9 8 9 Avg Prop Armor Cover (%) 29 | 29 . . . Naked Turns . | . . . . Heaviest Build 48 | 7 48 47 47 Greatest Support 20 | 20 20 20 20 Greatest Overweight (x) 4 | . 4 2 2 Average Overweight (x) 1 | . 2 1 1 Largest Inventory Capacity 20 | 5 20 20 20 Average Capacity 15 | 5 16 16 14 Most Carried 20 | 5 20 20 20 Average Carried 12 | 3 12 14 13 Final Capacity 20 | 5 20 20 5 Final Carried 20 | 4 20 16 5 Class Distribution -------------------- 97% | Mutant Dominant Class ---------------- Mutant | -10/Materials Mutant | -10/Mines Mutant | -10/Subcaves Resources | -11 -10 -10 -10 ----------- Run | Yrd Mat Min Sub Matter Collected 1176 | 281 506 296 93 Remotely . | . . . . Salvage Created 873 | 78 549 196 50 Parts 66 | 7 35 21 3 Haulers Intercepted 1 | . 1 . . Recyclers Shooed . | . . . . Parts Field Recycled . | . . . . Retrieved Matter . | . . . . Parts Self-Destructed . | . . . . Prevented . | . . . . Parts Restored . | . . . . Kills | -11 -10 -10 -10 ------- Run | Yrd Mat Min Sub Combat Hostiles Destroyed 21 | 1 11 8 1 Guns 21 | 1 11 8 1 Classes Destroyed 8 | 2 5 . 1 Worker 1 | . 1 . . Builder 1 | . 1 . . Tunneler 2 | 2 . . . Hauler 1 | . 1 . . Watcher 3 | . 3 . . Swarmer 9 | . 3 6 . Grunt 11 | 1 8 2 . Subdweller 1 | . . . 1 Best Kill Streak 3 | 2 3 3 1 Combat Bots Only 3 | 1 3 3 1 Max Kills in Single Turn 2 | 1 2 1 1 Gunslinging 1 | . 1 . . Exploded . | . . . . Melee . | . . . . Uniques/NPCs Destroyed . | . . . . Combat | -11 -10 -10 -10 -------- Run | Yrd Mat Min Sub Hostile Shots Fired 167 | 4 62 19 82 Missed 58 | 3 24 5 26 Hits 109 | 1 38 14 56 Projectile 109 | 1 38 14 56 Critical Strikes 2 | . . 1 1 Damage Taken 1369 | 9 316 116 928 Core 253 | . 77 34 142 Absorbed by Shields . | . . . . Ignored by Resistances 397 | 3 99 32 263 Core Remaining (%) 100 | 100 . . . Volleys Fired 72 | 11 44 12 5 Largest 2 | 2 2 2 1 Hottest 60 | 60 60 40 30 Shots Fired 139 | 22 88 24 5 Gun 139 | 22 88 24 5 Cannon . | . . . . Launcher . | . . . . Special . | . . . . Kinetic 125 | 11 85 24 5 Thermal 14 | 11 3 . . Explosive . | . . . . Electromagnetic . | . . . . Robot Hit Streak 19 | 6 19 9 6 Robot Miss Streak 3 | 2 3 2 1 Penetration Max . | . . . . Secondary Targets 1 | . 1 . . Max Gunslinging Chain 1 | . 1 . . Shots Hit Robots 89 | 13 59 14 3 Core Hits 44 | 5 26 11 2 Critical Kills . | . . . . Critical Parts Destroyed 1 | . 1 . . Critical Strikes 1 | . 1 . . Destroy 1 | . 1 . . Melee Attacks . | . . . . Impact . | . . . . Slashing . | . . . . Piercing . | . . . . Sneak Attacks . | . . . . Combat Hostiles . | . . . . Follow-up Attacks . | . . . . Damage Inflicted 1068 | 124 708 196 40 Guns 1068 | 124 708 196 40 Cannons . | . . . . Explosions . | . . . . Melee . | . . . . Ramming . | . . . . Kinetic 980 | 57 687 196 40 Thermal 88 | 67 21 . . Explosive . | . . . . Electromagnetic . | . . . . Impact . | . . . . Slashing . | . . . . Piercing . | . . . . Highest Corruption 4 | . 4 4 4 Average Corruption 3 | . 3 4 4 Corruption Purged . | . . . . Corruption Blocked . | . . . . Effects 29 | . 3 15 11 Message Errors 7 | . 1 4 2 Matter Fused 10 | . . 5 5 Heat Flow Errors 3 | . . 1 2 Energy Discharges 3 | . . 2 1 Parts Rejected 1 | . 1 . . Data Loss (minor) 1 | . . . 1 Data Loss (major) 4 | . 1 3 . Overload Shots . | . . . . Overflow Damage . | . . . . Projectiles . | . . . . Explosions . | . . . . Melee . | . . . . Knockbacks . | . . . . Impact . | . . . . Kinetic . | . . . . Secondary . | . . . . Self-Inflicted Damage . | . . . . Shots . | . . . . Rammed . | . . . . Targets Rammed . | . . . . Kicked . | . . . . Crushed . | . . . . Highest Temperature 157 | 46 20 118 157 Average Temperature 37 | 25 11 61 92 Received Heat Transfer 480 | 6 192 33 249 Siege Activations . | . . . . Martial Activations . | . . . . Shielding Activations . | . . . . Robots Disrupted . | . . . . Combat Hostiles . | . . . . Robots Corrupted . | . . . . Combat Hostiles . | . . . . Parts Fried . | . . . . Impact Corruptions . | . . . . Robots Melted . | . . . . Combat Hostiles . | . . . . Parts Melted . | . . . . Heat Transferred 200 | 150 50 . . Parts Sabotaged . | . . . . Parts Stolen . | . . . . Parts Stripped . | . . . . Power Chain Reactions . | . . . . Alert | -11 -10 -10 -10 ------- Run | Yrd Mat Min Sub Maximum Alert Level . | . . . . Low Security (%) 100 | 100 100 100 . Level 1 . | . . . . Level 2 . | . . . . Level 3 . | . . . . Level 4 . | . . . . Level 5 . | . . . . High Security . | . . . . Max Security . | . . . . Peak Influence 110 | 25 110 70 . Initial 34 | . . 34 . Average 25 | 5 30 23 . Influence Increases 755 | 30 523 202 . Destroy 0b10 Robot/C 400 | 20 220 160 . Destroy 0b10 Robot/NC 40 | 10 30 . . Destroy Leader 78 | . 48 30 . Successful Hack 27 | . 15 12 . Lose Combat Pursuer 210 | . 210 . . Influence Decreases 755 | 30 418 297 10 Entered New Map 78 | . . 71 7 Time Decay 618 | 30 359 226 3 Purge Threat 59 | . 59 . . Squads Dispatched 5 | . 5 . . Investigation 5 | . 5 . . Extermination . | . . . . Reinforcement . | . . . . Assault . | . . . . Garrison . | . . . . Intercept . | . . . . Searches Triggered . | . . . . Construction Impeded . | . . . . Haulers Reinforced . | . . . . Active Scanning Responses . | . . . . Cargo Convoy Interrupts . | . . . . Stealth | -11 -10 -10 -10 --------- Run | Yrd Mat Min Sub Distress Signals . | . . . . Communications Jammed . | . . . . Distress Signals . | . . . . Times Spotted 60 | 1 34 8 17 Peak Tracking Total 8 | 1 7 3 8 Tactical Retreats 7 | . 6 . 1 Traps | -11 -10 -10 -10 ------- Run | Yrd Mat Min Sub Traps Triggered 7 | . 7 . . Indirectly . | . . . . Trap Hack Attempts . | . . . . Triggered . | . . . . Disarmed . | . . . . Reprogrammed . | . . . . Reused . | . . . . Traps Extracted . | . . . . Installed . | . . . . Triggered . | . . . . Machines | -11 -10 -10 -10 ---------- Run | Yrd Mat Min Sub Machines Disabled . | . . . . Max in Single Turn . | . . . . Machines Repaired . | . . . . Machines Dismantled . | . . . . Machines Sabotaged . | . . . . Overloaded Fab Kills . | . . . . Hacking | -11 -10 -10 -10 --------- Run | Yrd Mat Min Sub Machines Accessed 8 | . 6 2 . Terminals 6 | . 4 2 . Fabricators . | . . . . Repair Stations . | . . . . Recycling Units 2 | . 2 . . Scanalyzers . | . . . . Garrison Access . | . . . . Total Hacks 33 | . 28 5 . Successful 20 | . 18 2 . Failed 13 | . 10 3 . Catastrophic 2 | . 1 1 . Database Lockouts . | . . . . Manual 17 | . 12 5 . Terminals 25 | . 20 5 . Fabricators . | . . . . Repair Stations . | . . . . Recycling Units 8 | . 8 . . Scanalyzers . | . . . . Garrison Access . | . . . . Terminal Hacks 16 | . 14 2 . Record 10 | . 10 . . Branch Access Points 1 | . . 1 . Terminal Index 1 | . . 1 . Alert Level 1 | . 1 . . Unreport Threat 2 | . 2 . . Dispatch Records 1 | . 1 . . Fabricator Hacks . | . . . . Repair Station Hacks . | . . . . Recycling Unit Hacks 3 | . 3 . . Report Inventory 1 | . 1 . . Retrieve Matter 1 | . 1 . . Retrieve Components 1 | . 1 . . Scanalyzer . | . . . . Garrison Access Hacks . | . . . . Unauthorized Hacks . | . . . . Terminals . | . . . . Fabricators . | . . . . Repair Stations . | . . . . Recycling Units . | . . . . Scanalyzers . | . . . . Garrison Access . | . . . . Data Cores Recovered . | . . . . Used . | . . . . Hacking Detections 8 | . 6 2 . Full Trace Events 6 | . 6 . . Feedback Events 1 | . 1 . . Corruption 1 | . 1 . . Feedback Blocked . | . . . . Robot Schematics Acquired . | . . . . Robots Built . | . . . . Authchips . | . . . . Time . | . . . . Total Robot Build Rating . | . . . . Part Schematics Acquired . | . . . . Parts Built . | . . . . Authchips . | . . . . Time . | . . . . Total Part Build Rating . | . . . . Part Studies Acquired . | . . . . Parts Repaired . | . . . . Time . | . . . . Parts Recycled . | . . . . Recycled Matter . | . . . . Retrieved Matter . | . . . . Retrieved Components 3 | . 3 . . Parts Scanalyzed . | . . . . Part Schematics Acquired . | . . . . Parts Damaged . | . . . . Bothacking | -11 -10 -10 -10 ------------ Run | Yrd Mat Min Sub Used RIF Installer . | . . . . Robots Hacked . | . . . . Non-combat . | . . . . Combat . | . . . . Robot Hacks Applied . | . . . . Relay Couplers Released . | . . . . Fabnet Peak Effective % . | . . . . Robots Rewired . | . . . . Allies Hacked . | . . . . Hacks Repelled . | . . . . Allies | -11 -10 -10 -10 -------- Run | Yrd Mat Min Sub Total Allies . | . . . . Largest Group . | . . . . Highest-Rated Group . | . . . . Highest-Rated Ally . | . . . . Total Orders . | . . . . Ally Attacks . | . . . . Total Damage . | . . . . Kills . | . . . . Allies Corrupted . | . . . . Allies Melted . | . . . . Intel | -11 -10 -10 -10 ------- Run | Yrd Mat Min Sub Active Infowar (turns) 1101 | 75 858 168 . Terrain 446 | 75 203 168 . Seismic 868 | 10 858 . . Robot Analysis Total . | . . . . Derelict Logs Recovered . | . . . . Drone Launches . | . . . . Drone Recoveries . | . . . . Exploration | -11 -10 -10 -10 ------------- Run | Yrd Mat Min Sub Turns Passed 2103 | 157 963 658 325 Spaces Moved 1389 | 109 595 440 245 Core 37 | 37 . . . Treads . | . . . . Legs 216 | 72 75 . 69 Wheels 1136 | . 520 440 176 Hover . | . . . . Flight . | . . . . Fastest Speed 50 | 50 80 80 95 Average Speed 112 | 96 118 106 118 Slowest Speed 190 | 120 140 110 190 Overloaded Moves . | . . . . Propulsion Burnouts . | . . . . Robots Hopped . | . . . . Potential Cave-ins . | . . . . Cave-ins Triggered . | . . . . Exploration Rate (%) 45 | 6 80 77 18 Regions Visited 3 Branch Regions 2 Pre-discovered Areas . | . . . . Known Exits Taken 2 | . 1 1 . Unknown Exits Taken 1 | 1 . . . Scrap Searched . | . . . . Spaces Dug . | . . . . Terrain Destroyed . | . . . . Melee . | . . . . Projectile . | . . . . AOE . | . . . . Terrain Rammed . | . . . . Walls Destroyed . | . . . . Machines Disabled . | . . . . Actions | -11 -10 -10 -10 --------- Run | Yrd Mat Min Sub Total 1796 | 141 770 607 278 Wait 228 | 5 92 128 3 Move 1386 | 108 594 439 245 Hop . | . . . . Pick Up 53 | 10 18 15 10 Fast Attach 7 | 1 3 1 2 Attach 15 | 6 3 1 5 Detach 3 | . 3 . . Swap 12 | . 8 3 1 Drop 19 | . 5 8 6 Fire 72 | 11 44 12 5 Melee . | . . . . Ram . | . . . . Kick . | . . . . Crush . | . . . . Escape Stasis . | . . . . Rewire . | . . . . Trap . | . . . . Miscellaneous 1 | . . . 1 Route ------- -11/Scrapyard -10/Materials (discovered 4 exits: *Mat x3 / *Min) -10/Mines (discovered 3 exits: *Mat x2 / *Sub) -10/Subcaves History --------- Turn | Location | Event 2 | -11/Scrapyard | Met Revision 17 48 | -11/Scrapyard | Discovered new exit (range 8) 158 | -11/Scrapyard | Entered Materials 317 | -10/Materials | Build established: Mutant 439 | -10/Materials | Discovered new exit (range 9) 532 | -10/Materials | Discovered new exit (range 13) 607 | -10/Materials | Discovered new exit (range 15) 934 | -10/Materials | Discovered new exit (range 16) 1025 | -10/Materials | Identified exit to Materials 1120 | -10/Materials | Identified exit to Mines 1121 | -10/Materials | Entered Mines 1135 | -10/Mines | Met a Derelict bent on vengeance 1182 | -10/Mines | Discovered exit to Materials (range 8) 1471 | -10/Mines | Discovered exit to Materials (range 11) 1662 | -10/Mines | Discovered new exit (range 9) 1667 | -10/Mines | Identified exit to Subcaves 1779 | -10/Mines | Entered Subcaves 1780 | -10/Subcaves | Approached by a straggling Scientist 1833 | -10/Subcaves | Ambushed by swarm of Subdwellers 1835 | -10/Subcaves | Ambushed by Subdwellers from Twisted Machinery 1835 | -10/Subcaves | Ambushed by Subdwellers from Twisted Machinery 1877 | -10/Subcaves | Lost 3 parts (1p2w) 1890 | -10/Subcaves | Lost 3 allies 1986 | -10/Subcaves | Core integrity fell below 50% 2020 | -10/Subcaves | Shifting Twisted Machinery released Sub. Monowheel 2039 | -10/Subcaves | Shifting Twisted Machinery released Sub. Machine Gun 2081 | -10/Subcaves | Core integrity fell below 20% 2104 | -10/Subcaves | Destroyed by 1V-I89(R) with Subdweller Beam Cannon Last Messages --------------- 01992_ Acquired Aluminum Leg. 01999_ Dropped Scrap Shield Fragment. 02000_ Acquired Imp. Heat Sink. 02001_ System corrupted: Matter fused (-7). 02004_ Scrap Shield Fragment affixed to Scrap Shield (+39). 02016_ System corrupted: Energy discharge (-38). Sub. Monowheel falls loose from the Twisted Machinery. 02029_ Sub. Machine Gun destroyed. Sub. Machine Gun falls loose from the Twisted Machinery. 02045_ Acquired Sub. Machine Gun. 02046_ Scrap Shield destroyed. 02059_ Lgt. Nuclear Core destroyed. 02068_ Acquired 47 matter. 02069_ Q0EZ0SEAV E=ZEQBZ3Z% 02080_ Aluminum Leg destroyed. 02100_ F8-280(R) destroyed. 02102_ Sub. Machine Gun destroyed. Map ----- +----------------------------------------------------+ | ?????????????????????????????????????????????????? | | ?????????????????????????????????????????????????? | | ?????????????????????????????????????????????????? | | ?????????????????????????????????????????????????? | | ???????????????????##????????????????????????????? | | ??????????????????? #???????????????????????????? | | ??????????????????? ???????????????????????????? | | ???????????????? ?% ???????????????????????????? | | ???????????????# ? ##??????????????????????????? | | ???????????????#" ?# ???????????????????????????? | | ???????????????#""## ???????????????????????????? | | ???????????????##""# #????###????????????????????? | | ?????????????### "" ##???# ###?#####????????????? | | ?????????????#" "" ###?# ### # ###??????????? | | ????????????"" "## % "! ### #??????????? | | ????????????????##" ##" " #??????????? | | ????????????????#""" ####" ## # #??????????? | | ????????????????##" ##??## ###### ##??????????? | | ?????????????????#"" #???### ###### "#??????????? | | ????????????????##" ##?????# # # """#??????????? | | ???????????????##"= ###???## "" #??????????? | | ??????####?????#" "#???# ="" ##??????????? | | ??????# #?????## ###?##### ### ! ##?????????? | | ??????# #??????## #?### #####?## #?????????? | | ????### ##?###### #?# "##??## #?????????? | | ???## &=!### # ^ ### @""" ##??# ##?????????? | | ??## ! = ## &%& #??# #??????????? | | ??# =!! ## !R #??# #??????????? | | ??### #! ####^ ## ## #??# ##?????????? | | ????# ## #??## ###### RR#### ##????????? | | ???# ?# ##??# #????##R R## #????????? | | ???## #?# #### ^ #?????# R #????????? | | ????##??# # ## ##?????# ##????????? | | ????????### ####?????# #?????????? | | ??????????## ##???????## ### #?????????? | | ???????????#### #??????## #??####?????????? | | ?????????????# ##?????## #???????????????? | | ??????????#### ####### ####????????????? | | ???# ## % ## ### #????????????? | | ?? ## #?# #????????????? | | ????## ## #?????????????? | | ?????####### ## #?????????????? | | ???????????## ### ##?????????????? | | ????????????# ##?# ##??????????????? | | ????????????# #??## ###???????????????? | | ??????????? #???# ####??????????????? | | ????????? ???# #??????????????? | | ???????? ???## ##??????????????? | | ??????? #### ???# ##???????????????? | | ?????? ???# ???# ##???????????##??## | +----------------------------------------------------+ Best States ------------- Heat Dissipation 25 Energy Generation 14 Energy Capacity 160 Matter Stores 300 Matter Capacity 300 Sight Range 16 Terrain Scan Range 16 Terrain Scan Density 10 Armor Coverage 800 Resistance: KI 20 Resistance: TH 20 Resistance: EX 20 Resistance: EM 20 Resistance: I 20 Resistance: S 20 Resistance: P 20 Evasion (%) 55 Offensive Hacking 10 Item Schematics ----------------- None Robot Schematics ------------------ None Fabricated ------------ Nothing Repaired ---------- Nothing Studied --------- None Alien Tech Used ----------------- None Achievements -------------- Party Time Challenges ------------ None Game ------ Seed ImprinterBeamMicrothruster Manual? 0 Play Time 00:39:55 Cumulative 3.4 hours Start 2025.12.23 @ 03:56:35 End 2025.12.23 @ 04:54:46 Sessions 1 Manual Loads 0 Difficulty Adventurer Special Mode None Game No. 2 Rogue 0 Adventurer 2 Explorer 0 Win Type - Total 0 Types 0/0/0/0/0/0/0/0/0/0 Lore% 5 Gallery% 5 Achievement% 8 Wizard Run 0 Options --------- Layout 2 ASCII 0 Keyboard 0 Movement Mouse Keybinds 0 Fullscreen 2 Font 24/Smallcaps Map View 25x22 Zoom Use 88% Tactical HUD 1 Map Filters NONE Filters NONE Steam 0 RUN: d7553a41-fb90-41fe-846c-8e7be3fd3b24